 Dungeon Crawl Stone Soup version 0.28-a0-429-g1448048969 (webtiles) character file.

Game seed: 11901122511166382770

68 bande the Covered (level 4, -8/28 HPs)
             Began as a Gargoyle Fighter on Sept 10, 2021.
             Mangled by an ogre (17 damage)
             ... on level 5 of the Dungeon.
             The game lasted 00:04:50 (1553 turns).

bande the Covered (Gargoyle Fighter)                Turns: 1553, Time: 00:04:51

Health: -8/28      AC: 15    Str: 20    XL:     4   Next: 19%
Magic:  4/4        EV:  6    Int:  8    God:
Gold:   66         SH:  9    Dex: 10    Spells: 3/3 levels left

rFire   . . .      SeeInvis .   a - +0 war axe
rCold   . . .      Faith    .   c - +0 buckler
rNeg    + . .      Spirit   .   o - +0 plate armour
rPois   ∞          Reflect  +   (no helmet)
rElec   +          Harm     .   (no cloak)
rCorr   .          Rampage  .   (no gloves)
Will    .....                   (no boots)
Stlth   ..........              l - amulet of reflection
HPRegen 0.09/turn               (no ring)
MPRegen 0.09/turn               (no ring)

@: no status effects
A: sickness immunity, AC +3, negative energy resistance 1, electricity
resistance, torment resistance 1, petrification resistance
a: no special abilities


You were on level 5 of the Dungeon.
You visited 1 branch of the dungeon, and saw 4 of its levels.

You collected 66 gold pieces.

Inventory:

Hand Weapons
 a - a +0 war axe (weapon)
Armour
 c - a +0 buckler (worn)
 o - a +0 plate armour (worn)
Jewellery
 l - an amulet of reflection (around neck)
 n - a ring of see invisible
Scrolls
 e - 2 scrolls of identify {unknown}
 f - a scroll of teleportation {unknown}
 g - a scroll of holy word {unknown}
 i - 2 scrolls of fear {unknown}
 k - 2 scrolls of magic mapping {unknown}
Potions
 d - a potion of might
 h - 3 potions of degeneration {unknown}
 j - a potion of flight {unknown}
 m - 2 potions of haste {unknown}


   Skills:
 + Level 3.6 Fighting
 + Level 2.7 Axes
 + Level 4.0 Armour
 + Level 3.9 Shields


You had 3 spell levels left.
You didn't know any spells.
Your spell library contained the following spells:

 Spells                   Type           Power      Damage    Failure   Level
 Freeze                   Ice            0%         1d3       100%        1
 Frozen Ramparts          Ice            0%         1d2       100%        3
 Gell's Gravitas          Tloc           0%         N/A       100%        3
 Lesser Beckoning         Tloc           0%         N/A       100%        3
 Teleport Other           Tloc           0%         N/A       100%        3
 Hailstorm                Conj/Ice       0%         3d3       100%        4


Dungeon Overview and Level Annotations

Branches:
Dungeon (3/15)

Altars:

Shops:
D:3 [[[


Innate Abilities, Weirdness & Mutations

You are immune to sickness and miasma.
Your stone body is resilient. (AC +3)
You are immune to poison.
You resist negative energy. (rN+)
You are resistant to electric shocks. (rElec)
You are resistant to unholy torment.
You are immune to petrification.


Message History

No target in view!
No target in view!
Things that are here:
a +0 dagger; a goblin corpse
Found a hunting sling.
Found Acehu's Armour Emporium.
No target in view!
There is an entrance to Acehu's Armour Emporium here.
You can access your shopping list by pressing '$'.
You now have 51 gold pieces (gained 11).
You now have 66 gold pieces (gained 15).
Found Bohesie's Armour Boutique.
Found a stone staircase leading up.
An endoplasm comes into view.
Found a ring mail.
The endoplasm quivers.
An endoplasm is nearby!
You fall into a shaft and drop 2 floors!
The shaft crumbles and collapses.
Found 19 stones.
You see here 19 stones.
Found 20 stones.
Found a barding.
Found a stone staircase leading down.
There is a stone staircase leading down here.
An ogre comes into view. It is wielding a +0 giant spiked club.
The ogre shouts!
You closely miss the ogre.
The ogre hits you with a +0 giant spiked club!!
Ouch! That really hurt!
You slash the ogre!
The ogre is moderately wounded.
The ogre barely misses you.
You hit the ogre.
The ogre is heavily wounded.
The ogre closely misses you.
You hit the ogre.
The ogre is severely wounded.
The ogre hits you with a +0 giant spiked club!
Ouch! That really hurt!
You die...

#......#......#
#.....###....#
####.....###..#.#
.........>#...#.#
##..........#..
#[......#.###.#
#.......#.# .#
#.......#.# .#
#.@.##.##.#
#O#.##....#
...#.##..###
#......##..#
#....#.. .#
#.......
#.####... #. ...


You could see an ogre.

Vanquished Creatures
  An adder (D:2)
  A gnoll (D:1)
  A worm (D:2)
  2 dart slugs (D:2)
  2 ball pythons
  5 bats
  An endoplasm (D:1)
  2 giant cockroaches (D:1)
  7 goblins
  3 hobgoblins (D:1)
  3 jackals (D:1)
  4 kobolds
  3 quokkas
  2 frilled lizards
  5 rats
42 creatures vanquished.

Notes
Turn   | Place    | Note
-------+----------+-------------------------------------------
     0 | D:1      | bande the Gargoyle Fighter began the quest for the Orb.
     0 | D:1      | Reached XP level 1. HP: 14/14 MP: 1/1
    25 | D:1      | Reached XP level 2. HP: 13/19 MP: 2/2
   260 | D:1      | Reached XP level 3. HP: 12/23 MP: 3/3
   498 | D:1      | Found a faded altar of an unknown god.
  1086 | D:2      | Reached XP level 4. HP: 19/28 MP: 4/4
  1236 | D:2      | Reached skill level 4 in Armour
  1393 | D:3      | Found Taqini's Antique Armour Shoppe.
  1467 | D:3      | Found Acehu's Armour Emporium.
  1509 | D:3      | Found Bohesie's Armour Boutique.
  1512 | D:3      | You fall into a shaft and drop 2 floors!
  1512 | D:5      | Entered Level 5 of the Dungeon
  1548 | D:5      | Noticed an ogre
  1553 | D:5      | Mangled by an ogre

Illustrated notes

Levels and vault maps discovered:
D:1:      minmay_arrival_solitary_statue, layout_rooms,
          ebering_ecumenical_altar_rust, minivault_26
D:2:      layout_basic, minmay_small_reverse_x
D:3:      layout_rooms, serial_shops, nicolae_lakefront_shop, shop,
          nicolae_shop_crystal, nicolae_shop_window_shopping, shop,
          minmay_misc_feat_chi, wad_woods_river_04
D:5:      layout_rooms, nicolae_wu_jian_immortal_techniques, serial_shops,
          nicolae_shop_stone, solitary_fountain

Skill      XL: |  1  2  3  4 |
---------------+-------------+-----
Axes           | 2 |  2.7
Armour         | 4 |  4.0
Fighting       | |  3.6
Shields        | |  3.9

Action                   |  1- 3 |  4- 6 || total
-------------------------+-------+-------++-------
Melee: War axe           |   101 |    24 ||   125
Armor: Scale mail        |    55 |       ||    55
       Plate armour      |     3 |    13 ||    16
Dodge: Dodged            |    43 |     8 ||    51
Block: Buckler           |    36 |    13 ||    49
       Reflection        |     1 |     1 ||     2

Table legend: (Time is in decaauts)
 A = Elapsed time spent in this place.
 B = Non-inter-level travel time spent in this place.
 C = Inter-level travel time spent in this place.
 D = Time resting spent in this place.
 E = Time spent auto-exploring this place.
 F = Levels seen in this place.
 G = Mean time per level.
                   A        B        C        D        E       F      G
               +--------+--------+--------+--------+--------+-----+--------+
         Total |   1602 |   1574 |     28 |    150 |   1057 |   4 |  400.5 |
       Dungeon |   1602 |   1574 |     28 |    150 |   1057 |   4 |  400.5 |
               +--------+--------+--------+--------+--------+-----+--------+

Top non-repeatable levels by time:
     D:1: 843 daAuts
     D:2: 565 daAuts
     D:3: 151 daAuts
     D:5: 41 daAuts
